 Dungeon Crawl Stone Soup version 0.27-a0-406-g23f261fbd2 (webtiles) character file.

Game seed: 16957250892723814881

6043 dickylongcocking the Destroyer (level 10, -4/88 HPs)
             Began as a Grey Draconian Fire Elementalist on Feb 22, 2021.
             Was a Priest of Vehumet.
             Killed from afar by a lava snake (13 damage)
             ... with a glob of lava
             ... on level 9 of the Dungeon.
             The game lasted 00:14:17 (12903 turns).

dickylongcocking the Destroyer (DrFE)              Turns: 12903, Time: 00:14:18

Health: -4/88      AC: 12    Str: 12      XL:     10   Next: 57%
Magic:  19/20      EV: 12    Int: 17 (18) God:    Vehumet [***...]
Gold:   621        SH:  0    Dex: 11      Spells: 18/23 levels left

rFire    + . .     SeeInvis .   r - +1 trident (vamp)
rCold    + . .     Faith    .   (no shield)
rNeg     . . .     Spirit   .   (armour unavailable)
rPois    +         Reflect  .   (helmet restricted)
rElec    +         Harm     .   (no cloak)
rCorr    +         Rampage  .   (no gloves)
Will     .....                  (no boots)
Stlth    ++........             (no amulet)
HPRegen  0.24/turn              n - ring of wizardry
MPRegen  0.17/turn              (no ring)

@: resistant
A: walk through water, unfitting armour, unbreathing, cold-blooded, AC +12
a: Renounce Religion


You were on level 9 of the Dungeon.
You worshipped Vehumet.
Vehumet was most pleased with you.
You visited 1 branch of the dungeon, and saw 10 of its levels.

You collected 621 gold pieces.

Inventory:

Hand Weapons
 b - a +0 short sword
 l - a +0 hand axe of flaming
 p - a +0 whip of flaming
 r - a +1 vampiric trident (weapon)
Jewellery
 d - an amulet of regeneration {unknown}
 m - a +6 ring of dexterity {unknown}
 n - a ring of wizardry (left hand)
Wands
 i - a wand of flame (24)
 x - a wand of iceblast (4)
 A - a wand of paralysis (15)
 B - a wand of digging (5)
Scrolls
 c - 4 scrolls of amnesia {unknown}
 e - 11 scrolls of identify {unknown}
 f - a scroll of immolation {unknown}
 g - 7 scrolls of enchant weapon {unknown}
 h - 2 scrolls of teleportation
 k - 2 scrolls of random uselessness
 u - a scroll of brand weapon {unknown}
 w - a scroll of noise {unknown}
 y - 2 scrolls of enchant armour
 z - a scroll of fear {unknown}
Potions
 a - 4 potions of curing
 o - a potion of berserk rage {unknown}
 q - a potion of degeneration {unknown}
 s - a potion of mutation {unknown}
 t - a potion of attraction {unknown}
 v - a potion of magic {unknown}


   Skills:
 * Level 8.0 Fighting
 * Level 2.5 Dodging
 * Level 1.9 Stealth
 * Level 7.0 Spellcasting
 - Level 9.5 Conjurations
 - Level 8.0 Fire Magic
 * Level 0.0 Evocations


You had 18 spell levels left.
You knew the following spells:

 Your Spells              Type           Power        Failure   Level
a - Foxfire               Conj/Fire      100%         1%          1
s - Sticky Flame          Conj/Fire      35%          1%          4

Your spell library contained the following spells:

 Spells                   Type           Power        Failure   Level
 Frozen Ramparts          Ice            12%          4%          3
 Conjure Flame            Conj/Fire      35%          1%          3
 Inner Flame              Hex/Fire       19%          1%          3
 Mephitic Cloud           Conj/Pois/Air  16%          1%          3
 Fireball                 Conj/Fire      17%          1%          5
 Animate Skeleton         Necr           12%          4%          1
 Apportation              Tloc           12%          4%          1
 Corona                   Hex            6%           4%          1
 Summon Small Mammal      Summ           24%          4%          1
 Poisonous Vapours        Pois/Air       12%          7%          2
 Freezing Cloud           Conj/Ice/Air   8%           41%         6


Dungeon Overview and Level Annotations

Branches:
Dungeon (10/15)            Temple (0/1) D:7             Orc (0/2) D:9
   Lair: D:8-11

Altars:
Ashenzari
Dithmenos
Hepliaklqana
Qazlal
Ru
Trog
Uskayaw
Vehumet
The Shining One


Innate Abilities, Weirdness & Mutations

You can walk through water.
Your dull iron-grey scales are very hard. (AC +12)
You cannot fit into any form of body armour.
You can survive without breathing.
You are cold-blooded and may be slowed by cold attacks.


Message History

Unknown command.
The lava snake hisses angrily.
The foxfire hits the lava snake.
The lava snake completely resists.
The foxfire hits something.
The shadow strikes at you from the darkness!
Reactivating autopickup.
You barely miss the shadow.
The shadow is moderately damaged.
The foxfire hits the lava snake.
The lava snake completely resists.
The shadow slips into darkness.
The shadow flickers and vanishes!
Deactivating autopickup; reactivate with Ctrl-A.
The lava snake spits lava at you. The glob of lava hits you!
The lava snake spits lava at you. The glob of lava hits you.
The shadow strikes at you from the darkness!
* * * LOW HITPOINT WARNING * * *
Reactivating autopickup.
Unknown command.
Okay, then.
Okay, then.
You feel protected.
A scorpion comes into view.
The shadow closely misses you.
Unknown command.
The lava snake spits lava at you. The glob of lava hits you.
You partially resist.
* * * LOW HITPOINT WARNING * * *
The lava snake spits lava at you. The glob of lava hits you!
You partially resist.
* * * LOW HITPOINT WARNING * * *
Unknown command.
Unknown command.
Okay, then.
Okay, then.
You feel better. The lava snake spits lava at you. The glob of lava hits you!
You partially resist.
You die...

#..>>...##....
#.##.##.##....
#####.##.##.##....
#................#
#.######..##...... #..#
#...#...).).
####''####...........
##≈≈§.§§§§##..#.......
##≈≈≈§@.≈≈§§##.#..#....
#§≈≈≈≈W.≈§§≈§##........
#≈≈≈≈§≈§.≈≈≈≈≈§##.......
≈§§§SS≈..S§§≈§§ ####....
§§§§§§§§.≈≈≈§§§ #......
§≈≈≈§§§..≈≈≈§§≈ ####..>
§§§≈§≈..[§§≈≈≈≈ #...
§§≈§≈≈.§≈.≈§§≈§ #..[
§§§§≈s≈§§§§§≈§ #...


You could see a shadow and 3 lava snakes.

Vanquished Creatures
  Pikel (D:5)
  A kobold demonologist (D:9)
  A troll (D:9)
  Prince Ribbit (D:6)
  A wyvern (D:8)
  Sigmund (D:3)
  2 water moccasins (D:7)
  Duvessa (D:7)
  5 orc warriors
  A sky beast (D:6)
  A hornet zombie (D:7)
  3 necrophages
  3 centaurs
  9 ogres
  A phantom (D:5)
  3 kobold brigands
  4 bullfrogs
  4 gnoll sergeants
  Dowan (D:7)
  2 scorpions (D:6)
  A killer bee (D:7)
  2 howler monkeys
  A lava snake (D:9)
  9 orc priests
  A hound (D:8)
  A bullfrog skeleton (D:9)
  A centaur skeleton (D:6)
  4 iguanas
  Terence (D:3)
  6 orc wizards
  5 worker ants
  A killer bee zombie (D:5)
  A hound zombie (D:8)
  3 worker ant zombies
  15 gnolls
  2 howler monkey skeletons
  13 adders
  A shadow imp (D:5)
  5 white imps
  An ufetubus (D:5)
  2 oozes
  4 worms
  A dart slug (D:2)
  2 leopard geckos
  28 orcs
  5 giant cockroaches
  3 hobgoblins
  8 jackals
  7 quokkas
  3 ball pythons
  3 bats
  5 frilled lizards
  A giant cockroach zombie (D:5)
  6 goblins
  16 kobolds
  A quokka skeleton (D:8)
  4 rats
219 creatures vanquished.

Vanquished Creatures (others)
  2 orc wizards
  An orc (D:7)
  733 foxfires
736 creatures vanquished.

Grand Total: 955 creatures vanquished

Notes
Turn   | Place    | Note
-------+----------+-------------------------------------------
     0 | D:1      | dickylongcocking the Draconian Fire Elementalist began the
                  | quest for the Orb.
     0 | D:1      | Reached XP level 1. HP: 14/14 MP: 3/3
   298 | D:1      | Reached XP level 2. HP: 20/20 MP: 1/5
   602 | D:1      | Reached skill level 2 in Conjurations
  1092 | D:2      | Reached XP level 3. HP: 18/26 MP: 0/6
  1440 | D:2      | Found a hide-covered altar of Uskayaw.
  1465 | D:2      | Reached skill level 3 in Conjurations
  1520 | D:2      | Found a faded altar of an unknown god.
  1520 | D:2      | Found a faded altar of an unknown god.
  1526 | D:2      | Found a glowing golden altar of the Shining One.
  1528 | D:2      | Found a sacrificial altar of Ru.
  1529 | D:2      | Found a hazy altar of Hepliaklqana.
  1671 | D:3      | Reached XP level 4. HP: 23/33 MP: 3/7
  2166 | D:3      | Noticed Terence
  2682 | D:3      | Reached skill level 4 in Conjurations
  2746 | D:3      | Killed Terence
  2900 | D:3      | Reached XP level 5. HP: 10/38 MP: 0/8
  3071 | D:3      | Reached skill level 5 in Conjurations
  3504 | D:3      | You fall into a shaft and drop 1 floor!
  3944 | D:4      | Found a radiant altar of Vehumet.
  3964 | D:4      | Became a worshipper of Vehumet
  4193 | D:4      | Reached XP level 6. HP: 45/45 MP: 5/9
  4853 | D:5      | Entered Level 5 of the Dungeon
  4856 | D:5      | You fall into a shaft and drop 3 floors!
  4861 | D:8      | Reached skill level 6 in Conjurations
  4896 | D:8      | Reached skill level 1 in Fighting
  5149 | D:7      | Noticed an orc warrior
  5524 | D:3      | Noticed Sigmund
  5528 | D:3      | Your scales start taking on a dull iron-grey colour.
  5528 | D:3      | Reached XP level 7. HP: 53/53 MP: 7/11
  5528 | D:3      | Gained mutation: You can survive without breathing. [Grey
                  | Draconian growth]
  5536 | D:3      | Killed Sigmund
  5955 | D:5      | Noticed Pikel
  5990 | D:5      | Killed Pikel
  5991 | D:5      | Reached skill level 7 in Conjurations
  5991 | D:5      | Reached XP level 8. HP: 27/66 MP: 0/13
  6227 | D:5      | Learned a level 4 spell: Sticky Flame
  6338 | D:5      | Reached skill level 5 in Fire Magic
  6385 | D:5      | Reached * piety under Vehumet
  6385 | D:5      | Offered knowledge of Shock by Vehumet.
  7230 | D:6      | Noticed Prince Ribbit
  7405 | D:6      | Reached skill level 5 in Fighting
  7570 | D:6      | Killed Prince Ribbit
  7571 | D:6      | Reached skill level 5 in Spellcasting
  7571 | D:6      | Reached XP level 9. HP: 74/74 MP: 3/16
  7595 | D:6      | Reached skill level 8 in Conjurations
  8000 | D:6      | You fall into a shaft and drop 2 floors!
  8008 | D:8      | You fall into a shaft and drop 2 floors!
  8008 | D:10     | Entered Level 10 of the Dungeon
  8015 | D:10     | Noticed a gargoyle
  9019 | D:7      | Reached ** piety under Vehumet
  9019 | D:7      | Offered knowledge of Searing Ray by Vehumet.
  9413 | D:7      | Noticed Duvessa
  9416 | D:7      | Noticed Dowan
  9862 | D:7      | Killed Duvessa
  9867 | D:7      | Killed Dowan
 10172 | D:7      | Reached XP level 10. HP: 76/86 MP: 3/19
 10344 | D:7      | Found a staircase to the Ecumenical Temple.
 10401 | D:7      | Offered knowledge of Dazzling Flash by Vehumet.
 10792 | D:8      | Reached skill level 9 in Conjurations
 11274 | D:8      | Found a bloodstained altar of Trog.
 11274 | D:8      | Found a shadowy altar of Dithmenos.
 11426 | D:8      | Found a stormy altar of Qazlal.
 11741 | D:9      | Found a broken altar of Ashenzari.
 12018 | D:9      | Reached *** piety under Vehumet
 12052 | D:9      | Found a staircase to the Orcish Mines.
 12555 | D:9      | Offered knowledge of Frozen Ramparts by Vehumet.
 12828 | D:9      | Noticed an orange demon
 12902 | D:9      | HP: 1/88 [lava snake/glob of lava (11)]
 12903 | D:9      | Killed from afar by a lava snake

Illustrated notes

Levels and vault maps discovered:
D:1:      dpeg_arrival_ternary, layout_basic
D:2:      layout_rooms, chequers_temple_overflow_minitemple, old_standard_altar
D:3:      layout_loops_ring, chequers_serial_rivers_large_a, nrook_mini_vaults,
          minmay_misc_feat_doors, uniq_terence, uniq_sigmund
D:4:      layout_basic, lemuel_crystal_altar
D:5:      layout_basic, sigmund_army, uniq_pikel
D:6:      cheibrodos_helix_gallery, layout_loops_ring, uniq_prince_ribbit1
D:7:      hangedman_cross_stitches, layout_cave_pools,
          minmay_temple_entry_trees, uniq_duvessa
D:8:      layout_rooms, lemuel_coloured_pillars_altar,
          gammafunk_temple_overflow_pools, minmay_misc_feat_square,
          serial_park_tiny_2
D:9:      kennysheep_big_flooded_room, layout_loops_cross,
          nicolae_ashenzari_panopticon, kennysheep_orc_monster_closet_entryway
D:10:     layout_cave_pools, basic_altar, serial_shops, shop

Skill      XL: |  1  2  3  4  5  6  7  8  9 10 |
---------------+-------------------------------+-----
Conjurations   | 2 3 4 5 6 7 8 9 |  9.5
Fighting       | 1 3 5 7 8 |  8.0
Spellcasting   | 3 5 6 7 |  7.0
Fire Magic     | 4 6 7 8 |  8.0
Dodging        | 2 |  2.5
Stealth        | |  1.9

Action                   |  1- 3 |  4- 6 |  7- 9 | 10-12 || total
-------------------------+-------+-------+-------+-------++-------
Melee: Unarmed           |     5 |    37 |       |       ||    42
       Tailslap          |     4 |     2 |     6 |     9 ||    21
       Short sword       |    17 |       |       |       ||    17
       Hand axe          |    24 |    17 |     3 |       ||    44
       Whip              |       |       |    66 |       ||    66
       Trident           |       |       |       |    72 ||    72
 Cast: Foxfire           |    61 |   172 |   196 |    37 ||   466
       Sticky Flame      |       |       |    38 |    32 ||    70
Evoke: Wand              |       |     1 |     2 |     6 ||     9
  Use: Potion            |     5 |     6 |     2 |     2 ||    15
       Scroll            |       |     5 |     1 |       ||     6
 Stab: Distracted        |       |       |     1 |     1 ||     2
Armor: Skin              |    34 |   101 |   107 |    47 ||   289
Dodge: Dodged            |    55 |    57 |   149 |    77 ||   338

Table legend: (Time is in decaauts)
 A = Elapsed time spent in this place.
 B = Non-inter-level travel time spent in this place.
 C = Inter-level travel time spent in this place.
 D = Time resting spent in this place.
 E = Time spent auto-exploring this place.
 F = Levels seen in this place.
 G = Mean time per level.
                   A        B        C        D        E       F      G
               +--------+--------+--------+--------+--------+-----+--------+
         Total |  12953 |  12509 |    444 |   2939 |   7682 |  10 | 1295.3 |
       Dungeon |  12953 |  12509 |    444 |   2939 |   7682 |  10 | 1295.3 |
               +--------+--------+--------+--------+--------+-----+--------+

Top non-repeatable levels by time:
     D:3: 2074 daAuts
     D:6: 2070 daAuts
     D:5: 1628 daAuts
     D:8: 1533 daAuts
     D:4: 1462 daAuts
     D:9: 1435 daAuts
     D:7: 978 daAuts
     D:1: 933 daAuts
     D:2: 820 daAuts
    D:10: 16 daAuts
